 Dungeon Crawl Stone Soup version 0.24.0-13-gcf9b3192b9 (webtiles) character file.

Game seed: 5344582029292394955, levelgen mode: deterministic

74736 Froggeryz the Bludgeoner (level 15, -8/91 HPs)
             Began as a Gargoyle Gladiator on Nov 9, 2019.
             Was the Champion of Okawaru.
             Mangled by an orc warrior
             ... wielding a +0 war axe
              (16 damage)
             ... on level 2 of the Orcish Mines.
             The game lasted 00:43:34 (19774 turns).

Froggeryz the Bludgeoner (Gargoyle Gladiator)      Turns: 19774, Time: 00:43:35

Health: -8/91      AC: 39    Str: 26    XL:     15   Next: 47%
Magic:  23/23      EV: 12    Int: 16    God:    Okawaru [******]
Gold:   1628       SH:  6    Dex: 15    Spells: 14/14 levels left

rFire    + . .     SeeInvis .   d - +5 flail (venom)
rCold    + + .     Gourm    .   I - +0 buckler "Zuogo" {rN+ Str+3 Int+2}
rNeg     + + .     Faith    .   k - quicksilver dragon scales of the Moon {rF+ rC+ MR+}
rPois    ∞         Spirit   .   C - +2 helmet {Int+3}
rElec    +         Reflect  .   t - +0 cloak
rCorr    .         Harm     .   T - +0 pair of gloves of Muud {rC+ Dex+3}
MR       ++...                  X - +1 pair of boots {Fly}
Stlth    +.........             R - amulet of regeneration
HPRegen  1.05/turn              G - +4 ring of protection
MPRegen  0.18/turn              y - +3 ring of protection

@: flying
A: big wings, negative energy resistance 1, regeneration 1, electricity
resistance, strong 1, unbreathing, petrification resistance, rot immunity, AC
+11
a: Stop Flying, Heroism, Finesse, Renounce Religion


You were on level 2 of the Orcish Mines.
You worshipped Okawaru.
Okawaru was exalted by your worship.
You were hungry.

You visited 4 branches of the dungeon, and saw 22 of its levels.

You collected 1921 gold pieces.
You spent 293 gold pieces at shops.

Inventory:

Hand Weapons
 d - a +5 flail of venom (weapon)
 O - a +4 scimitar of flaming
 V - a +1 antimagic mace
 W - a +6 flail of protection
Missiles
 w - 35 boomerangs (quivered)
 D - 14 curare-tipped darts
 N - 15 javelins
Armour
 k - the quicksilver dragon scales of the Moon (worn) {rF+ rC+ MR+}
   (You found it on level 1 of the Lair of Beasts)

   It protects you from fire.
   It protects you from cold.
   It affects your resistance to hostile enchantments.
 t - a +0 cloak (worn)
 C - a +2 helmet of intelligence (worn)
 I - the +0 buckler "Zuogo" (worn) {rN+ Str+3 Int+2}
   (You found it on level 6 of the Lair of Beasts)

   It affects your strength (+3).
   It affects your intelligence (+2).
   It protects you from negative energy.
 T - the +0 pair of gloves of Muud (worn) {rC+ Dex+3}
   (Okawaru gifted it to you on level 3 of the Lair of Beasts)

   It affects your dexterity (+3).
   It protects you from cold.
 X - a +1 pair of boots of flying (worn)
 Y - a +0 shield
Jewellery
 a - an uncursed ring of protection from fire
 l - the ring "Joyvim" {rPois rC+}
   (You found it on level 8 of the Dungeon)

   [ring of poison resistance]

   It protects you from cold.
   It protects you from poison.
 y - a +3 ring of protection (right hand)
 G - a +4 ring of protection (left hand)
 Q - an uncursed ring of see invisible
 R - an amulet of regeneration (around neck)
Wands
 g - a wand of polymorph (15)
 n - a wand of random effects (44)
 r - a wand of digging (9)
 v - a wand of flame (36)
 z - a wand of acid (16)
 F - a wand of enslavement (9)
 U - a wand of clouds (3)
Scrolls
 h - 3 scrolls of identify
 i - 4 scrolls of enchant armour
 j - 3 scrolls of fog
 q - 10 scrolls of teleportation
 u - a scroll of amnesia
 x - 6 scrolls of remove curse
 B - 2 scrolls of enchant weapon
 K - a scroll of fear
 Z - 2 scrolls of blinking
Potions
 b - 3 potions of haste
 c - a potion of resistance
 e - a potion of heal wounds
 m - 3 potions of ambrosia
 o - 5 potions of curing
 p - 2 potions of might
 s - a potion of agility
 A - a potion of cancellation
 E - a potion of invisibility
 H - 3 potions of lignification
 J - 2 potions of magic
 L - 2 potions of berserk rage
 P - a potion of mutation
Miscellaneous
 M - a fan of gales
 S - a sack of spiders
Comestibles
 f - 31 rations


   Skills:
 + Level 9.5 Fighting
 - Level 19.1 Maces & Flails
 - Level 1.7 Throwing
 - Level 8.5 Armour
 - Level 2.4 Dodging
 * Level 8.6 Shields
 - Level 10.7 Evocations


You had 14 spell levels left.
You didn't know any spells.
Your spell library contained the following spells:

 Spells                   Type           Power        Failure   Level  Hunger
 Corona                   Hex            #......      34%         1    ##.....
 Infusion                 Chrm           #...         34%         1    ##.....
 Ensorcelled Hibernation  Hex/Ice        #.....       47%         2    ###....
 Shroud of Golubria       Chrm/Tloc      #.....       47%         2    ###....
 Song of Slaying          Chrm           #.......     47%         2    ###....
 Confuse                  Hex            #.......     71%         3    ####...
 Dazzling Spray           Conj/Hex       #.....       71%         3    ####...
 Regeneration             Chrm/Necr      #.........   71%         3    ####...
 Spectral Weapon          Hex/Chrm       #.......     71%         3    ####...
 Tukima's Dance           Hex            #.......     71%         3    ####...
 Irradiate                Conj/Tmut      #.........   100%        5    ######.
 Hydra Form               Tmut           #.........   100%        6    #######
 Dragon Form              Tmut           #.........   100%        7    #######
 Statue Form              Tmut/Erth      Unusable     N/A         6    N/A

Dungeon Overview and Level Annotations

Branches:
Dungeon (13/15)            Temple (1/1) D:4            Lair (6/6) D:10
  Swamp (0/4) Lair:3       Spider (0/4) Lair:3        Slime (0/5) Lair:5
    Orc (2/2) D:11
    Elf: Orc:2       Vaults: D:13-14

Altars:
Ashenzari
Dithmenos
Elyvilon
Gozag
Hepliaklqana
Kikubaaqudgha
Makhleb
Nemelex Xobeh
Okawaru
Qazlal
Ru
Trog
Xom
Yredelemnul
Zin
Jiyva

Shops:
D:6 *[*[   D:9 *   Orc:2 *

Annotations:
Lair:5 1 runed translucent door


Innate Abilities, Weirdness & Mutations

You are resistant to torment.
Your stone body is resilient. (AC +11)
You are immune to poison.
Your large and strong wings let you fly indefinitely.
You resist negative energy. (rN+)
You are resistant to electric shocks. (rElec)
You can survive without breathing.
You are immune to petrification.
You are immune to rotting.
Your natural rate of healing is unusually fast.
Your muscles are strong. (Str +2)


Message History

Okawaru accepts your kill. Something appears at your feet!
Okawaru grants you armour!
You bludgeon the orc!!
You kill the orc!
You block the orc warrior's attack.
You hit the orc priest.
The orc priest is poisoned.
The orc priest is moderately wounded.
The orc priest barely misses you.
You hit the orc priest.
The orc priest is heavily wounded.
The orc warrior hits you with a +0 war axe!
* * * LOW HITPOINT WARNING * * *
You sock the orc warrior!
The orc warrior is poisoned.
The orc warrior is heavily wounded.
The orc priest mumbles some strange prayers to Beogh against you.
Beogh smites you!
* * * LOW HITPOINT WARNING * * *
The orc warrior hits you with a +0 war axe!
You die...

##...............#
##..............#
##.............#
##))$...........#
##..............##
##................#
##).##.............#
##oo###o...........##
##.o###@o............#
#(o###..)............#
#o.###................#
.oo###................##
#..o###..................#
....###..................##
.#..###...................##
...###.....................#
# .∩#
#......................#


You could see an orc warrior and an orc priest.

Vanquished Creatures
  Rupert (Lair:4)
  A sphinx (D:12)
  Kirke (D:13)
  An orc warlord (Orc:2)
  6 dire elephants (Lair:6)
  An ogre mage (D:11)
  Fannar (D:10)
  5 hydras
  Erica (Lair:1)
  A centaur warrior (D:13)
  9 two-headed ogres
  An anaconda (Lair:6)
  An orc high priest (Orc:2)
  Urug (Lair:1)
  Sonja (D:11)
  An orc knight (Orc:2)
  A lindwurm (Lair:5)
  An orc sorcerer (Orc:2)
  4 ugly things
  A manticore (D:12)
  A deep elf mage (D:12)
  An oklob plant (Lair:1)
  A cyclops (D:12)
  4 black mambas
  8 elephants
  A torpor snail (Lair:6)
  16 spiny frogs
  3 rime drakes
  5 komodo dragons
  5 trolls
  2 polar bears
  Grinder (D:4)
  9 slime creatures
  3 tyrant leeches
  27 dream sheep
  8 blink frogs
  11 hippogriffs
  2 redbacks (Lair:3)
  3 wyverns
  A vampire (D:10)
  3 wraiths
  4 hogs
  2 humans (shapeshifter) (D:12)
  A human (D:9)
  18 yaks
  Grum (D:8)
  A hungry ghost (D:9)
  4 vampire mosquitoes (D:13)
  A swamp worm (Lair:3)
  Edmund (D:4)
  An acid dragon (D:11)
  2 soldier ants
  14 water moccasins
  7 porcupines
  27 orc warriors
  3 black bears
  An eye of draining (D:13)
  3 ice beasts
  4 sky beasts
  5 necrophages (Lair:4)
  20 wolves
  12 ogres
  A phantom (D:4)
  8 centaurs
  7 crocodiles
  20 bullfrogs
  A wyvern zombie (D:12)
  A wyvern skeleton (D:6)
  4 scorpions
  A water moccasin skeleton (D:9)
  10 wights
  3 centaur zombies
  7 crimson imps
  Crazy Yiuf (D:2)
  4 jellies
  A quasit (D:6)
  2 bullfrog zombies
  A gnoll shaman (D:6)
  31 orc priests
  A bullfrog skeleton (D:4)
  9 hounds
  5 iguanas
  27 orc wizards
  12 worker ants
  A hound zombie (D:10)
  A howler monkey zombie (D:8)
  5 worker ant zombies
  5 gnolls
  A howler monkey skeleton (D:8)
  13 adders
  5 shadow imps
  4 oozes
  An adder zombie (D:7)
  A worm (D:2)
  4 dart slugs
  5 leopard geckos
  88 orcs
  3 giant cockroaches
  6 goblins
  11 hobgoblins
  14 jackals
  8 kobolds
  4 quokkas
  3 ball pythons
  13 bats
  9 frilled lizards
  A leopard gecko skeleton (D:6)
  A leopard gecko zombie (D:5)
  A quokka zombie (D:5)
  13 rats
  A spectral orc (D:4)
  A fungus (Lair:1)
  4 plants (Lair:6)
671 creatures vanquished.

Vanquished Creatures (others)
  4 fungi
  5 plants
9 creatures vanquished.

Grand Total: 680 creatures vanquished

Notes
Turn   | Place    | Note
-------+----------+-------------------------------------------
     0 | D:1      | Froggeryz the Gargoyle Gladiator began the quest for the
                  | Orb.
     0 | D:1      | Reached XP level 1. HP: 12/12 MP: 1/1
    30 | D:1      | Reached XP level 2. HP: 1/17 MP: 2/2
   608 | D:1      | Reached skill level 4 in Maces & Flails
   608 | D:1      | Reached XP level 3. HP: 6/21 MP: 3/3
  1482 | D:2      | Reached XP level 4. HP: 26/26 MP: 4/4
  1575 | D:2      | Reached skill level 5 in Maces & Flails
  1892 | D:2      | Found a sparkling altar of Nemelex Xobeh.
  1898 | D:2      | Reached XP level 5. HP: 30/30 MP: 5/5
  2209 | D:2      | Found a runed translucent door.
  2210 | D:2      | Noticed Crazy Yiuf
  2271 | D:2      | Killed Crazy Yiuf
  2313 | D:3      | Reached skill level 6 in Maces & Flails
  2339 | D:3      | Reached XP level 6. HP: 18/35 MP: 6/6
  2944 | D:3      | Reached skill level 7 in Maces & Flails
  3002 | D:3      | Noticed a moth of wrath
  3010 | D:3      | Found a bloodstained altar of Trog.
  3273 | D:4      | Found a staircase to the Ecumenical Temple.
  3489 | D:3      | Gained mutation: Your natural rate of healing is unusually
                  | fast. [potion of mutation]
  3489 | D:3      | Gained mutation: Your muscles are strong. (Str +2) [potion
                  | of mutation]
  3499 | D:4      | Reached XP level 7. HP: 9/40 MP: 7/7
  3654 | D:4      | Reached skill level 8 in Maces & Flails
  3712 | Temple   | Entered the Ecumenical Temple
  3733 | Temple   | Became a worshipper of Warmaster Okawaru
  3851 | D:4      | Noticed Edmund
  3867 | D:4      | Killed Edmund
  3867 | D:4      | Reached skill level 9 in Maces & Flails
  3917 | D:4      | Found a hazy altar of Hepliaklqana.
  3945 | D:4      | Noticed Grinder
  3960 | D:4      | Killed Grinder
  3960 | D:4      | Reached * piety under Okawaru
  3960 | D:4      | Reached XP level 8. HP: 15/44 MP: 8/8
  4030 | D:4      | Reached skill level 10 in Maces & Flails
  4121 | D:4      | Found a basalt altar of Yredelemnul.
  4187 | D:5      | Entered Level 5 of the Dungeon
  4350 | D:5      | Reached ** piety under Okawaru
  4540 | D:5      | Reached XP level 9. HP: 45/52 MP: 9/9
  4584 | D:5      | Reached skill level 11 in Maces & Flails
  5004 | D:6      | Reached skill level 5 in Fighting
  5096 | D:6      | Found Apluec's Antique Armour Shop.
  5100 | D:6      | Bought a runed helmet for 157 gold pieces
  5164 | D:6      | Found Jibecu's General Store.
  5173 | D:6      | Bought a potion of might for 48 gold pieces
  5173 | D:6      | Bought a potion of curing for 36 gold pieces
  5359 | D:6      | Found Gesolot's Assorted Antiques.
  5380 | D:6      | Reached skill level 1 in Armour
  5388 | D:6      | Bought a scroll labeled JIMIXE ARAI for 26 gold pieces
  5388 | D:6      | Bought a scroll labeled TECRAI XYRURE for 26 gold pieces
  5396 | D:6      | Found Zoaxuar's Armour Boutique.
  5656 | D:7      | Reached skill level 12 in Maces & Flails
  5769 | D:7      | Reached *** piety under Okawaru
  5958 | D:7      | Found a shimmering altar of Xom.
  6228 | D:7      | Reached XP level 10. HP: 59/59 MP: 10/10
  6507 | D:8      | Noticed Grum
  6593 | D:8      | Killed Grum
  6598 | D:8      | Reached skill level 13 in Maces & Flails
  6703 | D:8      | Reached **** piety under Okawaru
  6787 | D:8      | Reached skill level 5 in Armour
  7024 | D:8      | Got a flickering lapis lazuli ring
  7402 | D:9      | Noticed a two-headed ogre
  7422 | D:9      | Killed a two-headed ogre
  7422 | D:9      | Reached ***** piety under Okawaru
  7488 | D:9      | Reached skill level 14 in Maces & Flails
  7730 | D:9      | Reached XP level 11. HP: 64/64 MP: 11/11
  7741 | D:9      | Found Siwoyt Siwk's Island Escapes.
  8062 | D:9      | Received a gift from Okawaru
  8258 | D:10     | Entered Level 10 of the Dungeon
  8333 | D:10     | Found a shattered altar of Ashenzari.
  8465 | D:10     | Got a brightly glowing ring mail
  8466 | D:10     | Identified the +0 ring mail "Naippin" {*Corrode rElec Int+4
                  | SInv} (You found it on level 10 of the Dungeon)
  8467 | D:10     | Identified the ring "Joyvim" {rPois rC+} (You found it on
                  | level 8 of the Dungeon)
  8595 | D:10     | Found a staircase to the Lair.
  8844 | D:10     | Noticed Fannar
  8874 | D:10     | Killed Fannar
  8874 | D:10     | Reached skill level 15 in Maces & Flails
  9000 | Lair:1   | Entered Level 1 of the Lair of Beasts
  9120 | Lair:1   | Reached ****** piety under Okawaru
  9244 | Lair:1   | Noticed Urug
  9259 | Lair:1   | Killed Urug
  9259 | Lair:1   | Received a gift from Okawaru
  9297 | Lair:1   | Noticed Erica
  9319 | Lair:1   | Killed Erica
  9647 | Lair:1   | Noticed an oklob plant
  9778 | Lair:1   | Killed an oklob plant
  9780 | Lair:1   | Got steaming quicksilver dragon scales
  9781 | Lair:1   | Identified the quicksilver dragon scales of the Moon {rF+
                  | rC+ MR+} (You found it on level 1 of the Lair of Beasts)
 10252 | Lair:2   | Reached XP level 12. HP: 68/68 MP: 12/12
 10542 | Lair:2   | Reached skill level 5 in Shields
 10674 | Lair:2   | Noticed a six-headed hydra
 10690 | Lair:2   | Killed a two-headed hydra
 10690 | Lair:2   | Reached skill level 1 in Evocations
 11198 | Lair:3   | Reached skill level 16 in Maces & Flails
 11393 | Lair:3   | Noticed a six-headed hydra
 11402 | Lair:3   | Found a staircase to the Swamp.
 11421 | Lair:3   | Killed a six-headed hydra
 11459 | Lair:3   | Received a gift from Okawaru
 11460 | Lair:3   | Got a pair of pitted gloves {god gift}
 11461 | Lair:3   | Identified the +0 pair of gloves of Muud {rC+ Dex+3}
                  | (Okawaru gifted it to you on level 3 of the Lair of Beasts)
 11521 | Lair:3   | Found a shimmering altar of Xom.
 11737 | Lair:4   | Reached skill level 5 in Evocations
 11771 | Lair:4   | HP: 2/68 [wolf (6)]
 11912 | Lair:3   | Found a hole to the Spider Nest.
 12442 | Lair:4   | Noticed Rupert
 12475 | Lair:4   | Killed Rupert
 12475 | Lair:4   | Reached XP level 13. HP: 40/72 MP: 17/17
 13176 | Lair:5   | Reached skill level 17 in Maces & Flails
 13467 | Lair:5   | Received a gift from Okawaru
 13894 | Lair:5   | Found a runed translucent door.
 13894 | Lair:5   | Found a viscous altar of Jiyva.
 13894 | Lair:5   | Found a staircase to the Slime Pits.
 14159 | Lair:6   | Entered Level 6 of the Lair of Beasts
 14467 | Lair:6   | Gained mutation: Your large and strong wings let you fly
                  | indefinitely. [Gargoyle growth]
 14467 | Lair:6   | Reached XP level 14. HP: 74/78 MP: 19/21
 14506 | Lair:6   | Received a gift from Okawaru
 14534 | Lair:6   | Reached skill level 18 in Maces & Flails
 15243 | Lair:6   | Reached skill level 10 in Evocations
 15266 | Lair:6   | Got a distressingly furry buckler
 15267 | Lair:6   | Identified the cursed +0 buckler "Zuogo" {rN+ Str+3 Int+2}
                  | (You found it on level 6 of the Lair of Beasts)
 15384 | Lair:6   | Noticed a dire elephant
 15392 | Lair:6   | Noticed a dire elephant
 15392 | Lair:6   | Noticed a dire elephant
 15467 | Lair:6   | Noticed a dire elephant
 15502 | Lair:6   | Killed a dire elephant
 15544 | Lair:6   | Noticed a dire elephant
 15552 | Lair:6   | Noticed a dire elephant
 15569 | Lair:6   | Killed a dire elephant
 15585 | Lair:6   | Killed a dire elephant
 15585 | Lair:6   | Received a gift from Okawaru
 15639 | Lair:6   | Killed a dire elephant
 15766 | Lair:6   | Killed a dire elephant
 15782 | Lair:6   | Killed a dire elephant
 16409 | D:11     | Noticed Sonja
 16422 | D:11     | Killed Sonja
 16482 | D:11     | Found a staircase to the Orcish Mines.
 17186 | D:12     | Received a gift from Okawaru
 17537 | D:12     | Noticed a sphinx
 17553 | D:12     | Killed a sphinx
 17684 | D:12     | Received a gift from Okawaru
 17684 | D:12     | Reached skill level 19 in Maces & Flails
 18037 | D:13     | Reached XP level 15. HP: 85/88 MP: 23/23
 18354 | D:13     | Noticed Kirke
 18376 | D:13     | Killed Kirke
 18722 | Orc:1    | Entered Level 1 of the Orcish Mines
 19126 | Orc:2    | Entered Level 2 of the Orcish Mines
 19257 | Orc:2    | Noticed an orc warlord
 19339 | Orc:2    | Killed an orc warlord
 19726 | Orc:2    | Found Gili's General Store.
 19770 | Orc:2    | Received a gift from Okawaru
 19774 | Orc:2    | Mangled by an orc warrior

Levels and vault maps discovered:
D:1:      lightli_arrival_noodles, layout_basic, skrybe_limestone_x
D:2:      layout_loops_ring, nemelex_xobeh_ov_fountains_minmay, serial_glass,
          glass_columns_b, glass_columns_a, minmay_pentomino_pile,
          uniq_crazy_yiuf_cottage
D:3:      layout_basic, chequers_big_river, tgw_trog
D:4:      layout_basic, lemuel_crystal_altar,
          yredelemnul_forgotten_temple_becter, minmay_temple_entry_ruins,
          first_ration, uniq_grinder, uniq_edmund
D:5:      cheibrodos_iron_armory, layout_rooms, hangedman_decor_peaks_small,
          serial_park_tiny_1, roderic_lattice_a
D:6:      layout_basic, serial_shops, shop, nicolae_shop_overgrown_old_shop,
          kennysheep_mini_moat, shop
D:7:      layout_cave_pods, old_standard_altar
D:8:      layout_loops_ring, uniq_grum
D:9:      layout_roguey, grunt_livestock, nicolae_island_escapes
D:10:     layout_irregular_city, grunt_lair_entry_orc_guard_hut, basic_altar,
          uniq_fannar
D:11:     layout_basic, orc_0_dummy, uniq_sonja
D:12:     kennysheep_green_arena, layout_loops_ring
D:13:     layout_roguey, hangedman_decor_clover_reticule, uniq_kirke
Temple:   compressed_dpeg_circular_temple
Lair:1:   layout_cave_pods, minmay_lair_oklob_items, uniq_erica, uniq_urug
Lair:2:   layout_hall_layers
Lair:3:   layout_cave_shapes, minmay_swamp_entry_worms, spider_nest_entry_webs,
          lemuel_centaur_altar
Lair:4:   layout_cave_pods, minivault_26, roderic_carrion_pond,
          infiniplex_staircase_pool, uniq_rupert
Lair:5:   layout_cave_pods, slime_altar_2, grunt_megastairs_3
Lair:6:   due_jungle_book, layout_regular_city, serial_forest,
          infiniplex_forest_lined_3_way, infiniplex_forest_clump_tiny,
          infiniplex_forest_lined_room_, infiniplex_forest_straight_3,
          infiniplex_forest_clump_medium, infiniplex_forest_clump_tiny,
          infiniplex_forest_straight_4, infiniplex_forest_lined_corner,
          serial_bayou_pond_b, lemuel_fruit_tree
Orc:1:    layout_caves
Orc:2:    pf_orc_diabolical, layout_diamond_mine

Skill      XL: |  1  2  3  4  5  6  7  8  9 10 11 12 13 14 15 |
---------------+----------------------------------------------+-----
Maces & Flails | 4 5 6 7 9 10 12 14 15 16 17 19 | 19.1
Fighting       | 4 5 8 9 |  9.5
Armour         | 3 6 8 |  8.5
Shields        | 4 5 8 |  8.6
Evocations     | 6 9 10 | 10.7
Throwing       | |  1.7
Dodging        | |  2.4

Action                   |  1- 3 |  4- 6 |  7- 9 | 10-12 | 13-15 || total
-------------------------+-------+-------+-------+-------+-------++-------
Melee: Flail             |    83 |       |   370 |   722 |  1323 ||  2498
       Mace              |    18 |   226 |    52 |       |       ||   296
       Scimitar          |       |       |       |     7 |       ||     7
Throw: Throwing net      |       |     1 |     2 |       |       ||     3
       Dart              |       |       |       |     2 |       ||     2
       Boomerang         |       |       |       |     6 |     2 ||     8
Evoke: Wand              |       |       |       |     7 |     7 ||    14
       Sack of spiders   |       |       |       |     1 |       ||     1
  Use: Potion            |       |     6 |       |     9 |     1 ||    16
       Scroll            |       |       |    12 |    15 |     9 ||    36
 Stab: Held in net/web   |       |       |     2 |       |       ||     2
       Petrifying        |       |       |       |       |     1 ||     1
  Eat: Chunk             |     1 |     8 |     8 |    19 |    25 ||    61
       Ration            |       |       |       |     1 |       ||     1
Armor: Leather armour    |    60 |   134 |   145 |       |       ||   339
       Scale mail        |       |       |    52 |   208 |       ||   260
       Quicksilver drago |       |       |       |   266 |   804 ||  1070
Dodge: Dodged            |    79 |   204 |   236 |   399 |   610 ||  1528
Block: Buckler           |       |       |       |    99 |   326 ||   425
       Rpst.: Scimitar   |       |       |       |     5 |       ||     5
